 Dungeon Crawl Stone Soup version 0.21-a0-442-g848f44b (webtiles) character file.

121 KristoblXynda the Ducker (level 4, -1/23 HPs)
             Began as a Spriggan Berserker on Nov 13, 2017.
             Was a Follower of Trog.
             Killed by divine providence
             ... invoked by an orc priest
              (16 damage)
             ... on level 3 of the Dungeon.
             The game lasted 00:03:47 (1955 turns).

KristoblXynda the Ducker (Spriggan Berserker)       Turns: 1955, Time: 00:03:47

Health: -1/23      AC:  9    Str: 13    XL:     4   Next: 76%
Magic:  5/5        EV: 22    Int:  8    God:    Trog [*.....]
Gold:   29         SH:  6    Dex: 16    Spells: 3/3 levels left

rFire    . . .     SeeInvis +   h - +2 dagger (protect)
rCold    . . .     Gourm    .   (shield restricted)
rNeg     . . .     Faith    .   b - +0 animal skin
rPois    .         Spirit   .   (helmet restricted)
rElec    .         Reflect  +   (no cloak)
rCorr    .         Harm     .   (gloves unavailable)
MR       .....                  (boots unavailable)
Stlth    ++........             l - +6 amulet of reflection
HPRegen  0.07/turn              (no ring)
MPRegen  0.09/turn              k - +1 ring of evasion

@: protection aura, very quick
A: unfitting armour, see invisible, herbivore 3, speed 3, slow metabolism 2
a: Berserk, Burn Spellbooks, Renounce Religion


You were on level 3 of the Dungeon.
You worshipped Trog.
Trog was aware of your devotion.
You were very hungry.

You visited 1 branch of the dungeon, and saw 3 of its levels.

You collected 29 gold pieces.

Inventory:

Hand Weapons
 h - a +2 dagger of protection (weapon)
 m - a +3 short sword
Armour
 b - a +0 animal skin (worn)
Jewellery
 k - a +1 ring of evasion (right hand)
 l - a +6 amulet of reflection (around neck)
Wands
 j - a wand of digging (15/24)
Scrolls
 n - a scroll of amnesia {unknown}
 o - a scroll of fear {unknown}
Potions
 a - a potion of degeneration {unknown}
 d - 2 potions of mutation {unknown}
 e - a potion of resistance {unknown}
 i - 2 potions of lignification {unknown}
Comestibles
 c - a bread ration
 f - a fruit
 g - a royal jelly


   Skills:
 - Level 2.4 Fighting
 * Level 4.9 Short Blades
 + Level 5.4 Dodging
 + Level 3.4 Stealth


You had 3 spell levels left.
You didn't know any spells.

Dungeon Overview and Level Annotations

Branches:
Dungeon (3/15)

Altars:


Innate Abilities, Weirdness & Mutations

You are very small and have problems with some larger weapons.
You are too small for most types of armour.
You have supernaturally acute eyesight. (SInv)
You are a herbivore.
You cover ground extremely quickly.
You need consume almost no food.


Message History

The orc shouts!
You hit the hobgoblin.
Your weapon exudes an aura of protection.
The hobgoblin is moderately wounded.
The hobgoblin completely misses you.
The orc priest shouts!
You hit the hobgoblin.
The hobgoblin is severely wounded.
You completely miss the hobgoblin.
The hobgoblin is severely wounded.
The hobgoblin barely misses you. The orc barely misses you.
The orc hits you with a dagger.
You hit the hobgoblin.
You kill the hobgoblin!
Trog accepts your kill. The orc completely misses you.
The orc priest invokes the aid of Beogh against you.
Beogh smites you!
Ouch! That really hurt!
You die...

#. ... ...
#.#
######<.#
#.......#
#.......#
#..@....#.
#.oo..?....
#.......#.#
#.!..o.o#.
##...o....
#.####....
#..# (...
...## ...
####


You could see an orc priest, an orc wizard (invisible) and 3 orcs.

Vanquished Creatures
  An orc wizard (D:2)
  3 adders (D:2)
  An ooze (D:1)
  A worm (D:2)
  2 dart slugs
  4 leopard geckos
  4 orcs (D:2)
  A ball python (D:2)
  3 giant cockroaches
  5 goblins
  4 hobgoblins
  5 jackals (D:2)
  5 bats
  A frilled lizard (D:1)
  6 kobolds
  7 rats
53 creatures vanquished.

Notes
Turn   | Place    | Note
-------+----------+-------------------------------------------
     0 | D:1      | KristoblXynda the Spriggan Berserker began the quest for the Orb.
     0 | D:1      | Reached XP level 1. HP: 11/11 MP: 2/2
    27 | D:1      | Reached skill level 1 in Stealth
   137 | D:1      | Reached XP level 2. HP: 8/16 MP: 3/3
   586 | D:1      | Reached XP level 3. HP: 9/19 MP: 4/4
   976 | D:2      | Reached ** piety under Trog
   980 | D:2      | Reached skill level 5 in Dodging
   992 | D:2      | Reached XP level 4. HP: 20/23 MP: 5/5
  1955 | D:3      | Killed from afar by an orc priest

Vault maps used:
D:1:      minmay_arrival_four_circles
D:3:      first_bread, serial_curves, eino_curves_02, eino_curves_02,
          minmay_misc_feat_pillars

Skill      XL: |  1  2  3  4 |
---------------+-------------+-----
Stealth        | 1 2 3 |  3.4
Short Blades   | 4 |  4.9
Dodging        | 5 |  5.4
Fighting       | |  2.4

Action                   |  1- 3 |  4- 6 || total
-------------------------+-------+-------++-------
Melee: Short sword       |   119 |     1 ||   120
       Dagger            |       |   106 ||   106
Invok: Berserk           |     2 |       ||     2
  Use: Scroll            |     3 |     3 ||     6
 Stab: Sleeping          |     2 |       ||     2
Armor: Animal skin       |    11 |     7 ||    18
Dodge: Dodged            |    87 |    71 ||   158
Block: Other             |       |    25 ||    25

Table legend:
 A = Spawn XP
 B = Non-spawn XP
 C = Spawn XP percentage of total XP
 D = Spawn monster count
 E = Non-spawn monster count
 F = Spawn count percentage of total count
 G = Total turns spent on level
                    A         B        C        D         E        F      G
               +---------+---------+-------+---------+---------+-------+---------
         Total |       0 |     173 |   0.0 |       0 |      53 |   0.0 |  1955
               +---------+---------+-------+---------+---------+-------+---------
           D:1 |       0 |      42 |   0.0 |       0 |      21 |   0.0 |   917
           D:2 |       0 |     129 |   0.0 |       0 |      31 |   0.0 |  1025
           D:3 |       0 |       2 |   0.0 |       0 |       1 |   0.0 |    13
               +---------+---------+-------+---------+---------+-------+---------
